Map: Lerilak Crest

Players

Kantuva

  • Race: Zerg Zerg

JimRising - Winner!

  • Race: Zerg Zerg

VOD

Have the link to the VOD?

Description

Time

  • Played on: April 2, 2015, 12:33 a.m.
  • Length: 4:52
Show
View Real Time Build Order
Export as new Build Order

Kantuva Zerg 

Build Orders: Hatch First 

Get SALT Encoding   

  12  0:01  Drone  
  13  0:13  Overlord  
  13  0:19  Drone  
  14  0:31  Drone x2  
  16  0:36  Drone  
  17  0:55  Hatchery  
  16  1:00  Drone  
  16  1:04  Extractor  
  16  1:14  Spawning Pool  
  16  1:16  Drone  
  16  1:19  Drone  
  16  1:23  Drone  
  18  1:31  Drone  
  19  1:39  Overlord  
  19  1:53  Drone  
  20  2:04  Queen  
  20  2:06  Metabolic Boost  
  22  2:14  Zergling x4  
  24  2:20  Drone x2  
  26  2:30  Drone x2  
  28  2:40  Drone x2  
  28  2:41  Queen  
  32  3:00  Drone x2, Baneling Nest  
  33  3:05  Overlord  
  33  3:12  Drone x2  
  34  3:23  Drone x2  
  35  3:32  Zergling x6  
  35  3:33  Zergling x2  
  39  3:37  Overlord  
  39  3:39  Zergling x2  
  40  3:54  Drone x4  
  44  3:58  Hatchery, Extractor  
  44  3:59  Extractor  
  44  4:02  Baneling x2  
  41  4:07  Drone x4  
  41  4:08  Drone  
  46  4:13  Extractor  
  46  4:14  Drone  
  45  4:25  Drone x5  
  45  4:26  Drone x3  
Show
View Real Time Build Order
Export as new Build Order

JimRising Zerg - Winner!

Build Orders: Hatch First 

Get SALT Encoding   

  12  0:17  Overlord  
  12  0:18  Drone x2  
  14  0:35  Drone  
  15  0:44  Drone  
  16  0:50  Hatchery  
  16  0:54  Drone  
  16  1:01  Drone, Extractor  
  16  1:17  Drone, Spawning Pool  
  16  1:25  Drone  
  17  1:33  Drone  
  18  1:44  Drone  
  19  1:53  Overlord  
  19  2:02  Drone  
  19  2:04  Metabolic Boost, Queen  
  22  2:09  Queen  
  22  2:12  Zergling x2  
  25  2:19  Drone x2  
  27  2:23  Drone  
  28  2:31  Overlord  
  28  2:34  Drone  
  28  2:36  Drone  
  30  2:44  Roach Warren  
  29  2:50  Drone x2  
  31  2:56  Drone  
  32  3:00  Drone  
  33  3:08  Drone  
  33  3:12  Drone x3  
  37  3:13  Drone x2  
  39  3:26  Overlord  
  37  3:29  Roach x2  
  37  3:30  Overlord, Roach  
  43  3:43  Hatchery  
  43  3:48  Roach x2  
  46  3:51  Drone, Roach  
  46  3:54  Evolution Chamber  
  48  3:59  Drone x2, Extractor  
  48  4:00  Drone  
  50  4:04  Roach  
  50  4:07  Overlord  
  52  4:10  Roach  
  54  4:27  Roach x3  
  54  4:28  Roach x2  
  54  4:29  Drone  
  54  4:30  Drone x2  
Tags
 
Add a new tag
Caveats
  • Supply blocks, unpowered buildings, or Contaminate may cause inaccurate times.
  • Supply counts are checked every 10 seconds.